 Dungeon Crawl Stone Soup version 0.26-a0-259-g1effd001a9 (webtiles) character file.

Game seed: 7093773625204270176

6370 raph the Spear-Bearer (level 10, -6/72 HPs)
             Began as a Merfolk Ice Elementalist on July 21, 2020.
             Was a Follower of Ashenzari.
             Mangled by a komodo dragon (21 damage)
             ... on level 1 of the Lair of Beasts.
             The game lasted 00:43:25 (13164 turns).

raph the Spear-Bearer (Merfolk Ice Elementalist)   Turns: 13164, Time: 00:43:25

Health: -6/72      AC: 16    Str: 10    XL:     10   Next: 97%
Magic:  17/26      EV: 15    Int: 17    God:    Ashenzari [*.....]
Gold:   571        SH:  0    Dex: 14    Spells: 4/19 levels left

rFire    + . .     SeeInvis .   a - +3 trident (curse)
rCold    . . .     Faith    .   (no shield)
rNeg     + + +     Spirit   .   z - +2 leather armour {rF+} (curse)
rPois    .         Reflect  .   r - +1 helmet
rElec    +         Harm     .   h - +1 cloak
rCorr    .                      (no gloves)
MR       .....                  (no boots)
Stlth    ++........             (no amulet)
HPRegen  0.22/turn              i - ring of positive energy (curse)
MPRegen  0.20/turn              A - ring "Leuphegh" {+Fly rElec rN++ MP+9 Stlth-}

@: icy armour, frozen ramparts, studying Dodging
A: change form in water, swift swim, stealthy swim
a: Curse Item, Scrying, Renounce Religion, Evoke Flight


You were on level 1 of the Lair of Beasts.
You worshipped Ashenzari.
Ashenzari was aware of your devotion.
You were not hungry.

You visited 3 branches of the dungeon, and saw 10 of its levels.
You also visited: Volcano.

You collected 571 gold pieces.

Inventory:

Hand Weapons
 a - a cursed +3 trident (weapon)
 G - a +1 glaive of pain
Missiles
 d - 10 boomerangs
 e - 249 stones
 j - 28 poisoned darts (quivered)
 s - 3 javelins
 y - 6 atropa-tipped darts
Armour
 h - a +1 cloak (worn)
 r - a +1 helmet (worn)
 z - a cursed +2 leather armour of fire resistance (worn)
 K - a +3 leather armour of fire resistance
Jewellery
 i - a cursed ring of positive energy (left hand)
 n - an uncursed ring of fire
 A - the ring "Leuphegh" (right hand) {+Fly rElec rN++ MP+9 Stlth-}
   (You found it on level 7 of the Dungeon)

   [ring of flight]

   It insulates you from electricity.
   It greatly protects you from negative energy.
   It affects your magic capacity (+9).
   It lets you fly.
   It makes you less stealthy.
 E - a +6 ring of intelligence
Wands
 l - a wand of polymorph (4)
 t - a wand of digging (4)
 x - a wand of iceblast (11)
Scrolls
 f - 3 scrolls of amnesia
 k - 2 scrolls of fear
 D - 3 scrolls of teleportation
 H - a scroll of vulnerability {unknown}
 I - a scroll of remove curse
Potions
 b - 2 potions of stabbing
 g - a potion of invisibility
 m - 4 potions of haste
 o - 3 potions of heal wounds
 p - 3 potions of flight
 q - 4 potions of curing
 u - a potion of mutation
 v - 2 potions of brilliance
 w - a potion of lignification
 B - 3 potions of might
 J - 2 potions of resistance
Books
 F - a manual of Dodging
Miscellaneous
 C - a lightning rod (4/4)
Comestibles
 c - 28 rations


   Skills:
 - Level 4.2 Fighting
 * Level 11.4 Polearms
 - Level 3.0 Throwing
 - Level 1.9 Armour
 + Level 7.2 Dodging
 - Level 4.8 Stealth
 - Level 5.0 Spellcasting
 - Level 4.0 Summonings
 * Level 2.8 Necromancy
 - Level 10.3 Ice Magic


You had 4 spell levels left.
You knew the following spells:

 Your Spells              Type           Power        Failure   Level
a - Freeze                Ice            ####         1%          1
b - Frozen Ramparts       Ice            #####.       1%          3
c - Ozocubu's Armour      Chrm/Ice       ###.....     7%          3
d - Blink                 Tloc           N/A          28%         2
e - Summon Ice Beast      Ice/Summ       ####....     10%         4
f - Apportation           Tloc           #.....       19%         1
g - Animate Skeleton      Necr           ##....       6%          1

Your spell library contained the following spells:

 Spells                   Type           Power        Failure   Level
 Summon Small Mammal      Summ           ###.         3%          1
 Call Imp                 Summ           ###.....     5%          2
 Corona                   Hex            #......      19%         1
 Infusion                 Chrm           #...         19%         1
 Magic Dart               Conj           #...         19%         1
 Hailstorm                Conj/Ice       ###.....     22%         4
 Shroud of Golubria       Chrm/Tloc      #.....       28%         2
 Slow                     Hex            #.......     28%         2
 Song of Slaying          Chrm           #.......     28%         2
 Conjure Flame            Conj/Fire      #.......     50%         3
 Mephitic Cloud           Conj/Pois/Air  #.......     50%         3
 Spectral Weapon          Hex/Chrm       #.......     50%         3


Dungeon Overview and Level Annotations

Branches:
Dungeon (8/15)             Temple (1/1) D:4            Lair (1/6) D:8
Volcano (visited)

Altars:
Ashenzari
Cheibriados
Dithmenos
Elyvilon
Fedhas
Gozag
Hepliaklqana
Kikubaaqudgha
Makhleb
Nemelex Xobeh
Okawaru
Qazlal
Ru
Sif Muna
Trog
Uskayaw
Vehumet
Wu Jian
Xom
Yredelemnul
Zin
The Shining One

Annotations:
D:5 Menkaure
D:6 3 runed translucent doors, melvinkitnick's ghost, novice DEFE


Message History

You are too injured to fight recklessly!
You are too injured to fight recklessly!
Casting: Freeze (safe; 1% risk of failure)
Confirm with . or Enter, or press ? or * to list all spells.
The walls around you are covered in ice.
The wall freezes the komodo dragon.
The komodo dragon seems to slow down.
The wall freezes the komodo dragon.
The komodo dragon seems to slow down.
The komodo dragon bites you!!
* * * LOW HITPOINT WARNING * * *
You feel much better.
Casting: Frozen Ramparts (safe; 1% risk of failure)
Confirm with . or Enter, or press ? or * to list all spells.
A film of ice covers your body!
The wall freezes the komodo dragon!
The komodo dragon bites you!
* * * LOW HITPOINT WARNING * * *
Casting: Ozocubu's Armour (dangerous; 7% risk of failure)
Confirm with . or Enter, or press ? or * to list all spells.
A chill wind blows around you.
The wall freezes the komodo dragon.
The komodo dragon seems to slow down.
The komodo dragon bites you!!
You die...

. #..†.................
###...................
.......................
........................
.......................
. #........###..........
.. .....#...# ##.?...##.
.# #...##...# #..Y.##
.## ...#P...# #...@#
...# ##...
###...l##...### ..
................
................
#....#P###....$..
##...### ....... #...
....... .... .......
.......


You could see a komodo dragon (slow) and a friendly ice beast (summoned).

Vanquished Creatures
  A fire crab (Volcano)
  A lindwurm (Volcano)
  Maggie (D:6)
  2 hippogriffs
  3 fire bats (Volcano)
  2 hell hounds (Volcano)
  A sky beast (D:7)
  5 orc warriors
  An ice beast (D:7)
  A necrophage (D:6)
  6 ogres
  A phantom (D:6)
  4 centaurs
  A bullfrog (Lair:1)
  2 scorpions
  A water moccasin skeleton (D:7)
  6 wights
  A jelly (D:7)
  A bullfrog zombie (D:6)
  6 hounds
  3 orc priests (D:4)
  2 centaur skeletons
  2 iguanas (D:5)
  14 orc wizards
  13 worker ants
  A killer bee zombie (D:5)
  4 hound zombies
  2 hound skeletons (D:4)
  2 howler monkey zombies (D:5)
  A worker ant zombie (D:4)
  7 adders
  3 gnolls (D:4)
  2 howler monkey skeletons (D:5)
  A river rat (D:8)
  A shadow imp (D:7)
  A white imp (D:6)
  2 oozes
  2 ufetubi
  An adder skeleton (D:4)
  3 worms
  5 leopard geckos
  39 orcs
  3 ball pythons
  5 giant cockroaches
  10 goblins
  7 hobgoblins
  9 jackals
  5 kobolds
  7 quokkas
  11 bats
  5 frilled lizards
  A leopard gecko skeleton (D:7)
  A leopard gecko zombie (D:6)
  11 rats
233 creatures vanquished.

Vanquished Creatures (collateral kills)
  A death yak (D:8)
  2 centaurs
  3 wights
6 creatures vanquished.

Grand Total: 239 creatures vanquished

Notes
Turn   | Place    | Note
-------+----------+-------------------------------------------
     0 | D:1      | raph the Merfolk Ice Elementalist began the quest for the
                  | Orb.
     0 | D:1      | Reached XP level 1. HP: 13/13 MP: 3/3
   262 | D:1      | Reached XP level 2. HP: 19/19 MP: 3/5
   454 | D:1      | Found a sparkling altar of Nemelex Xobeh.
   701 | D:1      | Reached skill level 5 in Ice Magic
  1116 | D:1      | Reached XP level 3. HP: 21/24 MP: 3/6
  1149 | D:1      | Learned a level 3 spell: Frozen Ramparts
  1818 | D:2      | Reached XP level 4. HP: 30/30 MP: 8/8
  1903 | D:2      | Found an ornate altar of the Wu Jian Council.
  1905 | D:2      | Found a glowing golden altar of the Shining One.
  1906 | D:2      | Found a sparkling altar of Nemelex Xobeh.
  2655 | D:3      | Noticed a centaur
  2667 | D:3      | Killed a centaur
  2667 | D:3      | Reached XP level 5. HP: 18/35 MP: 0/9
  2979 | D:3      | Learned a level 3 spell: Ozocubu's Armour
  3210 | D:3      | Learned a level 2 spell: Blink
  3354 | D:3      | Noticed an ogre
  3364 | D:3      | Reached skill level 1 in Polearms
  3442 | D:3      | Killed an ogre
  3442 | D:3      | Reached skill level 2 in Polearms
  3442 | D:3      | Reached XP level 6. HP: 41/41 MP: 5/11
  3820 | D:4      | Reached skill level 3 in Polearms
  3953 | D:4      | Reached XP level 7. HP: 44/46 MP: 8/12
  4611 | D:4      | Reached skill level 4 in Polearms
  4611 | D:4      | Reached skill level 1 in Throwing
  4873 | D:4      | Reached skill level 5 in Polearms
  4875 | D:4      | Reached XP level 8. HP: 33/52 MP: 8/14
  5397 | D:4      | Learned a level 4 spell: Summon Ice Beast
  5646 | D:4      | Found a staircase to the Ecumenical Temple.
  5651 | Temple   | Entered the Ecumenical Temple
  5888 | Temple   | Became a worshipper of Ashenzari the Shackled
  5961 | D:5      | Entered Level 5 of the Dungeon
  6205 | D:5      | Reached skill level 6 in Polearms
  6327 | D:5      | Identified the +3 flail "Oloor" {antimagic, MR+ Int+4}
  6336 | D:5      | Identified the cursed +3 flail "Faaffucw" {protect, rElec
                  | Int+6 Dex-3} (You found it on level 4 of the Dungeon)
  6388 | D:5      | Reached skill level 1 in Summonings
  6447 | D:5      | Found a basalt altar of Yredelemnul.
  6463 | D:5      | Reached skill level 1 in Fighting
  6882 | D:5      | Noticed Menkaure
  7025 | D:6      | Noticed Maggie
  7038 | D:6      | Killed Maggie
  7038 | D:6      | Reached skill level 7 in Polearms
  7038 | D:6      | Reached XP level 9. HP: 18/61 MP: 9/15
  7798 | D:6      | Reached skill level 8 in Polearms
  8216 | D:6      | Found a stormy altar of Qazlal.
  8217 | D:6      | Found an ancient bone altar of Kikubaaqudgha.
  8220 | D:6      | Found a burning altar of Makhleb.
  8280 | D:6      | Found a runed translucent gate.
  8298 | D:6      | Learned a level 1 spell: Apportation
  8306 | D:6      | Found a shimmering altar of Xom.
  8341 | D:6      | Found a runed translucent gate.
  8341 | D:6      | Found a runed translucent gate.
  8438 | D:6      | Noticed melvinkitnick's ghost (novice DEFE)
  9015 | D:7      | Reached skill level 9 in Polearms
  9109 | D:7      | Reached * piety under Ashenzari
  9546 | D:7      | Reached skill level 1 in Armour
  9617 | D:7      | Identified the ring "Leuphegh" {+Fly rElec rN++ MP+9
                  | Stlth-}
  9848 | D:7      | Found a blossoming altar of Fedhas.
  9849 | D:7      | Found the +9 heavy crossbow "Sniper" {vorpal, Acc+∞ SInv}
  9860 | D:7      | Reached XP level 10. HP: 66/70 MP: 16/16
 10530 | D:7      | Found a sacrificial altar of Ru.
 10848 | D:8      | Reached skill level 10 in Ice Magic
 11104 | D:8      | Reached skill level 10 in Polearms
 11387 | D:8      | Found a staircase to the Lair.
 11387 | D:8      | Noticed a death yak
 11391 | D:8      | Noticed a death yak
 11392 | D:8      | Noticed a death yak
 11414 | D:8      | Killed a death yak
 11414 | D:8      | Reached skill level 5 in Dodging
 11855 | D:8      | Found a stormy altar of Qazlal.
 11898 | D:8      | Reached skill level 5 in Spellcasting
 12008 | D:8      | Learned a level 1 spell: Animate Skeleton
 12138 | Lair:1   | Entered Level 1 of the Lair of Beasts
 12165 | Lair:1   | Found a dark tunnel.
 12173 | Volcano  | Entered a volcano
 12219 | Volcano  | Reached skill level 1 in Necromancy
 12255 | Volcano  | Noticed a lindwurm
 12262 | Volcano  | Killed a lindwurm
 12660 | Volcano  | Noticed a fire crab
 12669 | Volcano  | Killed a fire crab
 12669 | Volcano  | Reached skill level 11 in Polearms
 13164 | Lair:1   | Mangled by a komodo dragon

Illustrated notes

Levels and vault maps discovered:
D:1:      roderic_chinese_lattice_arrival, layout_basic, hex_intersection,
          nrook_loot_triangle, st_stairs_5, chequers_serial_rivers_room_b,
          minmay_misc_feat_iff, nemelex_diamond_rough_becter
D:2:      layout_rooms, grunt_temple_overflow_open, serial_curves,
          eino_curves_01, eino_curves_02, first_ration,
          chequers_serial_rivers_room_a
D:3:      layout_basic
D:4:      layout_loops_corners, temple_doors_ab, minmay_joined_circles
D:5:      layout_rooms, lemuel_round_altar, uniq_crazy_yiuf_cottage,
          uniq_menkaure
D:6:      layout_rooms, chequers_temple_overflow_statue_of_worship,
          ebering_ghost_rock_garden, basic_altar, uniq_maggie
D:7:      minmay_the_grid_four_pointed_star
          [minmay_the_grid_triangle_9x9_swiss_cheese,
          minmay_the_grid_triangle_9x9_thin_v,
          minmay_the_grid_triangle_9x9_corrupted_corridor,
          minmay_the_grid_triangle_9x9_shrine, minmay_the_grid_prize_trominoes],
          layout_basic, grunt_ogre_cave, grunt_ministairs_14,
          nicolae_ru_great_annihilating_truth
D:8:      layout_basic, dpeg_lair_monsters, basic_altar
Temple:   regret_index_temple_generic_petals
Lair:1:   layout_small_grid, enter_volcano_1

Skill      XL: |  1  2  3  4  5  6  7  8  9 10 |
---------------+-------------------------------+-----
Ice Magic      | 5 6 7 8 9 10 | 10.3
Spellcasting   | 3 4 5 |  5.0
Stealth        | 3 4 |  4.8
Polearms       | 2 3 5 7 9 11 | 11.4
Throwing       | 2 3 |  3.0
Summonings     | 3 4 |  4.0
Fighting       | 2 3 4 |  4.2
Dodging        | 3 7 |  7.2
Armour         | 1 |  1.9
Necromancy     | 2 |  2.8

Action                   |  1- 3 |  4- 6 |  7- 9 | 10-12 || total
-------------------------+-------+-------+-------+-------++-------
Melee: Unarmed           |     1 |       |       |       ||     1
       Short sword       |     7 |     9 |       |       ||    16
       Trident           |       |    45 |   412 |   121 ||   578
Throw: Stone             |     1 |       |       |       ||     1
       Dart              |     5 |    12 |    29 |    13 ||    59
 Cast: Freeze            |    53 |    18 |    26 |    13 ||   110
       Frozen Ramparts   |     2 |    11 |    29 |    11 ||    53
       Summon Ice Beast  |       |       |     7 |     8 ||    15
       Ozocubu's Armour  |       |       |     5 |     8 ||    13
       Apportation       |       |       |     3 |     2 ||     5
       Blink             |       |       |       |     1 ||     1
Invok: Curse Item        |       |       |     3 |       ||     3
  Use: Scroll            |       |     9 |    17 |     1 ||    27
       Potion            |       |       |     1 |     1 ||     2
 Stab: Sleeping          |       |     7 |     8 |     1 ||    16
       Invisible         |       |       |     1 |       ||     1
       Distracted        |       |       |       |     1 ||     1
  Eat: Ration            |     1 |     3 |     4 |     3 ||    11
Armor: Robe              |    10 |    19 |     9 |       ||    38
       Leather armour    |       |       |   137 |    39 ||   176
Dodge: Dodged            |    41 |    51 |   273 |    68 ||   433

Table legend:
 A = Non-vault XP
 B = Vault XP
 C = Vault XP percentage of total XP
 D = Non-vault monster count
 E = Vault monster count
 F = Vault count percentage of total count
                 A         B        C        D         E       F
            +---------+---------+-------+---------+---------+-------
      Total |    4643 |    4457 |  49.0 |     203 |      36 |  15.1
            +---------+---------+-------+---------+---------+-------
        D:1 |      31 |       4 |  11.4 |      18 |       2 |  10.0
        D:2 |      55 |       0 |   0.0 |      24 |       0 |   0.0
        D:3 |     343 |       0 |   0.0 |      28 |       0 |   0.0
        D:4 |     787 |     246 |  23.8 |      42 |       6 |  12.5
        D:5 |     648 |       0 |   0.0 |      30 |       0 |   0.0
        D:6 |     986 |     385 |  28.1 |      24 |       1 |   4.0
        D:7 |     610 |    1030 |  62.8 |      19 |      17 |  47.2
        D:8 |    1098 |     787 |  41.8 |      17 |       3 |  15.0
     Lair:1 |      85 |       0 |   0.0 |       1 |       0 |   0.0
    Volcano |       0 |    2005 | 100.0 |       0 |       7 | 100.0
            +---------+---------+-------+---------+---------+-------
